 Dungeon Crawl Stone Soup version 0.30-a0-879-ga8ba668304 (webtiles) character file.

Game seed: 684602111868100854

9438 ragingrage the Slicer (level 11, -3/55 HPs)
             Began as a Vine Stalker Gladiator on Mar 12, 2023.
             Was an Elder of Uskayaw.
             Killed from afar by an acid dragon (15 damage)
             ... with a splash of acid
             ... on level 10 of the Dungeon.
             The game lasted 00:15:30 (9575 turns).

ragingrage the Slicer (Vine Stalker Gladiator)      Turns: 9575, Time: 00:15:31

Health: -3/55      AC:  7    Str: 16    XL:     11   Next: 46%
Magic:  0/17       EV: 14    Int:  8    God:    Uskayaw [****..]
Gold:   693        SH:  6    Dex: 21    Spells: 10/10 levels left

rFire   . . .      SeeInvis .    m - +2 dagger (distort)
rCold   . . .      Faith    +    P - +0 buckler
rNeg    . . .      Spirit   +    s - +3 leather armour {rPois}
rPois   +          Reflect  .    c - +0 helmet
rElec   .          Rampage  .    (no cloak)
rCorr   .                        (no gloves)
Will    +....                    (no boots)
Stlth   ++++                     a - amulet of faith
HPRegen 1.09/turn                C - +4 ring of protection
MPRegen 0.15/turn                x - +4 ring of protection

@: corroded, studying 2 skills
A: fangs 3, regeneration 1, magic shield, antimagic bite, no potion heal 2
a: Renounce Religion, Stomp, Line Pass


You were on level 10 of the Dungeon.
You worshipped Uskayaw.
Uskayaw was noncommittal.
You visited 2 branches of the dungeon, and saw 11 of its levels.
You also visited: Bailey.

You collected 829 gold pieces.
You spent 136 gold pieces at shops.

Inventory:

Hand Weapons
 m - a +2 dagger of distortion (weapon)
Missiles
 d - 3 throwing nets
 e - a javelin
 h - 25 boomerangs (quivered)
 u - 27 poisoned darts
 v - 6 curare-tipped darts
 R - 2 silver boomerangs
Armour
 c - a +0 helmet (worn)
 k - a +2 scale mail of cold resistance
 s - a +3 leather armour of poison resistance (worn)
 I - a +2 kite shield
 J - a +0 troll leather armour
 P - a +0 buckler (worn)
 S - a +0 cloak
Jewellery
 a - an amulet of faith (around neck)
 x - a +4 ring of protection (right hand)
 C - a +4 ring of protection (left hand)
 F - a ring of see invisible
Wands
 w - a wand of polymorph (9)
 A - a wand of acid (5)
 L - a wand of paralysis (8)
 O - a wand of mindburst (6)
 T - a wand of flame (7)
Scrolls
 f - a scroll of enchant weapon
 g - 4 scrolls of fog
 j - 3 scrolls of magic mapping
 n - 2 scrolls of amnesia {unknown}
 y - a scroll of enchant armour {unknown}
 z - 6 scrolls of immolation
 B - a scroll of fear {unknown}
 E - 3 scrolls of blinking
 H - 2 scrolls of poison {unknown}
 K - a scroll of vulnerability
 M - 7 scrolls of teleportation
 N - a scroll of silence {unknown}
 U - 3 scrolls of noise {unknown}
Potions
 i - 8 potions of flight
 l - a potion of might {unknown}
 o - 2 potions of berserk rage {unknown}
 p - 2 potions of brilliance
 q - a potion of invisibility {unknown}
 r - 3 potions of cancellation
 t - 2 potions of magic
 D - 3 potions of curing
 G - a potion of haste
 Q - a potion of mutation {unknown}
Miscellaneous
 b - a phial of floods


   Skills:
 - Level 5.0 Fighting
 - Level 10.0 Short Blades
 + Level 8.9 Throwing
 - Level 5.0 Dodging
 + Level 8.8 Stealth
 + Level 3.1 Shields
 + Level 6.8 Invocations


You had 10 spell levels left.
You didn't know any spells.
Your spell library contained the following spells:

 Spells                   Type           Power      Damage    Failure   Level
 Slow                     Hex            0%         N/A       56%         1
 Confusing Touch          Hex            0%         N/A       91%         3
 Ignite Poison            Fire/Tmut/Pois 0%         N/A       91%         3
 Kindle Blastsparks       Fire/Tloc/Air  0%         2d10      91%         3
 Vampiric Draining        Necr           0%         2d6       91%         3
 Freezing Cloud           Conj/Ice/Air   0%         6-21      100%        5
 Yara's Violent Unravell  Hex/Tmut       0%         3d3       100%        5
 Enfeeble                 Hex            0%         N/A       100%        7


Dungeon Overview and Level Annotations

Branches:
Dungeon (10/15)            Temple (1/1) D:4            Lair (0/5) D:10
    Orc (0/2) D:9          Bailey (visited)

Altars:
Ashenzari
Cheibriados
Dithmenos
Elyvilon
Fedhas
Gozag
Hepliaklqana
Kikubaaqudgha
Makhleb
Nemelex Xobeh
Okawaru
Qazlal
Ru
Sif Muna
Trog
Uskayaw
Vehumet
Wu Jian
Xom
Yredelemnul
Zin
The Shining One

Shops:
D:8 ?

Annotations:
D:2 Robin
D:5 2 transporters, exclusion: downstairs
D:8 exclusions: downstairs and ice statue


Innate Abilities, Weirdness & Mutations

You have razor-sharp teeth.
Your natural rate of healing is unusually fast.
When hurt, damage is shared between your health and your magic reserves.
Your bite disrupts and absorbs the magic of your enemies.
Potions cannot restore your health.


Message History

Found an escape hatch in the ceiling.
The acid dragon is no longer paralysed.
You hit the acid dragon.
Space warps horribly around the acid dragon!
You bite the acid dragon. You drain its power.
You feel invigorated.
The orc is no longer paralysed.
The orc is no longer sharing its pain.
The acid dragon spits acid at you. The splash of acid hits you!
The acid corrodes you!
You hear a shout!
You closely miss the acid dragon.
You hit the acid dragon but do no damage.
You bite the acid dragon, but do no damage.
The acid dragon is no longer sharing its pain.
The acid dragon bites you. The acid dragon misses you.
You barely miss the acid dragon.
You hit the acid dragon but do no damage.
You bite the acid dragon, but do no damage.
An orc wizard comes into view. It is wielding a +0 dagger.
The acid dragon spits acid at you. The splash of acid hits you!
You barely miss the acid dragon.
You bite the acid dragon, but do no damage.
The orc wizard gestures wildly while chanting.
The orc wizard flickers and vanishes!
Deactivating autopickup; reactivate with Ctrl-A.
The acid dragon spits acid at you. The splash of acid hits you!
* * * LOW HITPOINT WARNING * * *
The acid corrodes you!
An orc comes into view. It is wielding a +0 club.
The orc hits you with a +0 short sword.
* * * LOW HITPOINT WARNING * * *
You hit the acid dragon but do no damage.
You bite the acid dragon, but do no damage.
Unknown command.
Aiming: Mindburst
Aim: an acid dragon (almost dead, chance to affect: 64%)
The acid dragon struggles to resist.
The acid dragon spits acid at you. The splash of acid hits you!!
You die...

# .# ###################..###
................@D....{<
...........).)..)o......
.......................o ######
#####..########## #.)# #..#
############..###################
................................#
................................#


You could see an acid dragon (catching breath) and 2 orcs.

Vanquished Creatures
  A two-headed ogre (D:10)
  A tengu warrior (D:9)
  Sonja (D:10)
  An orc knight (Bailey)
  Joseph (D:9)
  A troll (D:9)
  A hornet (D:8)
  A wyvern (D:10)
  12 yaks
  A basilisk (D:10)
  2 steam dragons (D:6)
  A warg (D:9)
  A water moccasin (D:7)
  4 orc warriors
  A black bear (D:6)
  3 ice beasts
  2 ogres (D:6)
  A sky beast (D:8)
  3 centaurs
  A phantom (D:6)
  2 kobold brigands
  3 gnoll sergeants
  A bullfrog (D:9)
  5 scorpions
  8 wights
  A jelly (D:5)
  9 orc priests
  A sleepcap (D:4)
  8 iguanas
  11 orc wizards
  18 gnolls
  7 adders
  3 shadow imps
  3 white imps (D:6)
  A worm (D:3)
  2 dart slugs
  49 orcs
  9 endoplasms
  A giant cockroach (D:3)
  14 goblins
  12 hobgoblins
  7 jackals
  6 quokkas
  4 ball pythons
  5 bats
  2 frilled lizards (D:2)
  22 kobolds
  2 rats (D:3)
256 creatures vanquished.

Vanquished Creatures (others)
  A gnoll (D:6)
1 creature vanquished.

Grand Total: 257 creatures vanquished

Notes
Turn   | Place    | Note
-------+----------+-------------------------------------------
     0 | D:1      | ragingrage the Vine Stalker Gladiator began the quest for
                  | the Orb.
     0 | D:1      | Reached XP level 1. HP: 11/11 MP: 2/2
    47 | D:1      | Reached skill level 3 in Short Blades
   320 | D:1      | Reached XP level 2. HP: 14/15 MP: 1/3
  1079 | D:2      | Reached XP level 3. HP: 18/18 MP: 4/4
  1124 | D:2      | Reached skill level 4 in Short Blades
  1394 | D:2      | Noticed Robin
  1482 | D:3      | Gained mutation: Your natural rate of healing is unusually
                  | fast. [Vine Stalker growth]
  1482 | D:3      | Reached XP level 4. HP: 23/23 MP: 5/5
  1522 | D:3      | Reached skill level 1 in Stealth
  2202 | D:3      | Reached XP level 5. HP: 26/26 MP: 4/6
  2610 | D:4      | Reached skill level 5 in Short Blades
  2610 | D:4      | Reached XP level 6. HP: 30/30 MP: 7/7
  2740 | D:4      | Found a staircase to the Ecumenical Temple.
  2781 | Temple   | Entered the Ecumenical Temple
  2991 | D:4      | Found a basalt altar of Yredelemnul.
  2994 | D:4      | Found a sacrificial altar of Ru.
  2997 | D:4      | Found an iron altar of Okawaru.
  3013 | D:4      | Reached skill level 6 in Short Blades
  3036 | D:4      | Found a hide-covered altar of Uskayaw.
  3040 | D:4      | Became a worshipper of Uskayaw the Reveller
  3107 | D:4      | Reached * piety under Uskayaw
  3316 | D:4      | Reached ** piety under Uskayaw
  3320 | D:4      | Reached *** piety under Uskayaw
  3322 | D:4      | Reached XP level 7. HP: 34/34 MP: 8/8
  3447 | D:5      | Entered Level 5 of the Dungeon
  3525 | D:5      | Reached skill level 7 in Short Blades
  3743 | D:5      | Reached skill level 8 in Short Blades
  3743 | D:5      | Gained mutation: You have razor-sharp teeth. [Vine Stalker
                  | growth]
  3743 | D:5      | Reached XP level 8. HP: 33/38 MP: 9/9
  3773 | D:5      | Found a transporter.
  3927 | D:5      | Found a transporter.
  4285 | D:6      | Reached skill level 9 in Short Blades
  4737 | D:6      | Reached skill level 5 in Throwing
  4737 | D:6      | Reached XP level 9. HP: 31/42 MP: 10/10
  4893 | D:6      | Reached skill level 10 in Short Blades
  4979 | D:6      | Found a burning altar of Makhleb.
  4990 | D:6      | Reached skill level 1 in Invocations
  5235 | D:7      | You fall into a shaft and drop 2 floors!
  5269 | D:10     | Entered Level 10 of the Dungeon
  5271 | D:10     | Noticed Sonja
  5278 | D:10     | Killed Sonja
  5279 | D:10     | Reached skill level 5 in Stealth
  5568 | D:8      | Noticed an ice devil
  5591 | D:8      | Noticed an ice devil
  5765 | D:8      | Found a flagged portal.
  5783 | Bailey   | Entered a bailey
  5790 | Bailey   | Noticed an orc knight
  5872 | Bailey   | Reached XP level 10. HP: 49/49 MP: 13/13
  5933 | Bailey   | Reached **** piety under Uskayaw
  5992 | Bailey   | Reached ***** piety under Uskayaw
  6006 | Bailey   | Killed an orc knight
  6292 | D:8      | Found Hisuma's Magic Scroll Boutique.
  6299 | D:8      | Bought a scroll of teleportation for 39 gold pieces
  6299 | D:8      | Bought a scroll of blinking for 97 gold pieces
  7065 | D:8      | Noticed an ice statue
  7588 | D:9      | Found a staircase to the Orcish Mines.
  7613 | D:8      | Reached skill level 5 in Fighting
  7735 | D:9      | Reached skill level 5 in Dodging
  7735 | D:9      | Reached skill level 5 in Invocations
  8493 | D:9      | Noticed a tengu warrior
  8508 | D:9      | Killed a tengu warrior
  8509 | D:9      | Reached skill level 1 in Shields
  8509 | D:9      | Reached XP level 11. HP: 42/55 MP: 13/16
  8644 | D:9      | Noticed Joseph
  8647 | D:9      | Killed Joseph
  9098 | D:10     | Found a staircase to the Lair.
  9555 | D:10     | Noticed a two-headed ogre
  9565 | D:10     | Killed a two-headed ogre
  9575 | D:10     | Killed from afar by an acid dragon

Illustrated notes

Levels and vault maps discovered:
D:1:      lightli_arrival_noodles, layout_loops_ring,
          chequers_hall_statues_corner_a
D:2:      layout_basic, uniq_robin
D:3:      layout_basic, dreamdust_princess_bridge
D:4:      layout_loops_ring, grunt_temple_overflow_cloverleaf,
          minmay_temple_entry_large_hall
D:5:      gammafunk_cloud_chamber, layout_basic, minmay_manual_mares
D:6:      layout_rooms, minmay_ruined_shrine
D:7:      layout_loops_ring, serial_co_window_serial,
          co_window_of_opportunity_a, co_window_of_opportunity_a,
          co_window_paths_a, co_window_of_opportunity_a, co_window_paths_a,
          co_window_paths_b, co_window_paths_b, co_window_2corner,
          co_window_paths_c, co_window_of_opportunity_c, glass_columns_a,
          glass_columns_c, glass_columns_c
D:8:      cheibrodos_frozen_isle, layout_basic, enter_bailey_3, serial_shops,
          nicolae_shop_statue_plus, nicolae_kite_square_tiling_tiny,
          chequers_serial_rivers_micro_a
D:9:      layout_basic, erik_orc_4, small_chamber_with_monster,
          minmay_fountain_box, dk_noncrumbling_2, uniq_joseph
D:10:     layout_long_grid, david_lair_generic, dreamdust_princess_corridor,
          uniq_sonja
Temple:   dpeg_three_leaves_temple

Skill      XL: |  1  2  3  4  5  6  7  8  9 10 11 |
---------------+----------------------------------+-----
Short Blades   | 3 4 5 6 8 9 10 | 10.0
Stealth        | 2 4 6 7 8 |  8.8
Throwing       | 5 6 7 8 |  8.9
Fighting       | 3 5 |  5.0
Invocations    | 3 5 6 |  6.8
Dodging        | 3 5 |  5.0
Shields        | 1 3 |  3.1

Action                     |  1- 3 |  4- 6 |  7- 9 | 10-12 || total
---------------------------+-------+-------+-------+-------++-------
  Melee: Rapier            |    52 |       |       |       ||    52
         Bite              |    21 |    45 |    84 |    66 ||   216
         Punch             |     1 |     3 |     4 |     2 ||    10
         Dagger            |    31 |   179 |   270 |   208 ||   688
   Fire: Shortbow          |       |       |    17 |       ||    17
  Throw: Boomerang         |     1 |       |    17 |     8 ||    26
         Dart              |       |     6 |    14 |       ||    20
  Evoke: Wand              |       |       |     3 |     2 ||     5
    Use: Scroll            |       |     4 |     4 |     5 ||    13
         Potion            |       |       |       |     1 ||     1
   Stab: Sleeping          |     1 |     2 |     5 |     9 ||    17
         Paralysed         |       |     1 |     8 |    14 ||    23
 Armour: Leather armour    |     2 |       |       |    35 ||    37
         Scale mail        |    30 |    55 |    96 |     9 ||   190
  Dodge: Dodged            |    32 |    75 |   132 |    65 ||   304
  Block: Buckler           |       |       |       |    14 ||    14

Table legend: (Time is in decaauts)
 A = Elapsed time spent in this place.
 B = Non-inter-level travel time spent in this place.
 C = Inter-level travel time spent in this place.
 D = Time resting spent in this place.
 E = Time spent auto-exploring this place.
 F = Levels seen in this place.
 G = Mean time per level.
                   A        B        C        D        E       F      G
               +--------+--------+--------+--------+--------+-----+--------+
         Total |   9314 |   8916 |    398 |    879 |   5705 |  12 |  776.2 |
       Dungeon |   8786 |   8401 |    385 |    879 |   5485 |  10 |  878.6 |
        Temple |     79 |     66 |     13 |      0 |     56 |   1 |   79.0 |
        Bailey |    448 |    448 |      0 |      0 |    164 |   1 |  448.0 |
               +--------+--------+--------+--------+--------+-----+--------+

Top non-repeatable levels by time:
     D:9: 1510 daAuts
     D:2: 1036 daAuts
     D:8: 1014 daAuts
     D:6: 798 daAuts
     D:4: 791 daAuts
     D:3: 769 daAuts
     D:5: 763 daAuts
     D:7: 747 daAuts
     D:1: 747 daAuts
    D:10: 606 daAuts
  Bailey: 448 daAuts
  Temple: 79 daAuts
